 Dungeon Crawl Stone Soup version 0.24-a0-445-gd5110b030a (webtiles) character file.

Game seed: 10683528227927945943

1003 emperorscorpion the Chopper (level 8, -1/108 HPs)
             Began as a Deep Dwarf Berserker on June 22, 2019.
             Was a Priest of Trog.
             Slain by Gastronok (17 damage)
             ... on level 9 of the Dungeon.
             The game lasted 00:09:01 (864 turns).

emperorscorpion the Chopper (Deep Dwarf Berserker)   Turns: 864, Time: 00:09:02

Health: -1/108     AC:  9    Str: 29    XL:     8   Next: 0%
Magic:  7/7        EV: 13    Int:  7    God:    Trog [***...]
Gold:   31         SH:  6    Dex: 12    Spells: 7/7 levels left

rFire    . . .     SeeInvis .   a - +1 war axe
rCold    . . .     Gourm    .   o - +2 buckler
rNeg     . . .     Faith    .   e - +0 ring mail
rPois    .         Spirit   .   (no helmet)
rElec    .         Reflect  .   (no cloak)
rCorr    .         Harm     .   (no gloves)
MR       +....                  (no boots)
Stlth    ..........             (no amulet)
HPRegen  0.00/turn              l - +3 ring of protection
MPRegen  0.10/turn              (no ring)

@: berserking (expiring), non-regenerating, slow
A: damage resistance, heal wounds, sense surroundings 1, no regeneration
a: Heal Wounds, Berserk, Trog's Hand, Renounce Religion


You were on level 9 of the Dungeon.
You worshipped Trog.
Trog was most pleased with you.
You were very hungry.

You visited 1 branch of the dungeon, and saw 9 of its levels.

You collected 31 gold pieces.

Inventory:

Hand Weapons
 a - a +1 war axe (weapon)
 f - a +0 hand axe
 n - a +0 spear
Missiles
 g - a throwing net
 k - 16 poisoned darts (quivered)
Armour
 b - a +0 animal skin
 d - a +0 leather armour
 e - a +0 ring mail (worn)
 o - a +2 buckler (worn)
Jewellery
 l - a +3 ring of protection (left hand)
Scrolls
 j - 2 scrolls of blinking
 m - a scroll of remove curse
Potions
 i - a potion of brilliance
Comestibles
 c - 3 rations
 h - 5 chunks of flesh


   Skills:
 + Level 4.1 Fighting
 + Level 6.5 Axes
 + Level 0.9 Throwing
 + Level 4.9 Armour
 + Level 5.0 Dodging
 + Level 3.2 Shields


You had 7 spell levels left.
You didn't know any spells.
Your spell library was empty.

Dungeon Overview and Level Annotations

Branches:
Dungeon (9/15)
 Temple: D:4-7         Lair: D:8-11         Orc: D:9-12

Altars:

Annotations:
D:9 Gastronok


Innate Abilities, Weirdness & Mutations

You are resistant to damage.
You can heal yourself by infusing magical energy.
You passively map a small area around you.
You do not regenerate.


Message History

Your Dodging skill increases to level 5!
You have reached level 8!
You feel stronger.
You enter the shallow water.
Moving in this stuff is going to be slow.
Gastronok bites you!!
* * * LOW HITPOINT WARNING * * *
Things that are here:
a +0 shortbow; 17 arrows You slice Gastronok!!
Gastronok is lightly wounded.
Gastronok is no longer moving quickly.
You slash Gastronok!
Gastronok is moderately wounded.
Gastronok bites you!!
* * * LOW HITPOINT WARNING * * *
You slash Gastronok!
Gastronok is moderately wounded.
Your unstable footing causes you to fumble your attack.
Gastronok bites you!!
You die...

* * * , ** , * , * , * *
* ,,, * , * *
#####+###############...
.......(..((w@†(....(...
.#...≈(#########...###.
* #.....# *...# *
,#....w# *..... #....l#
*....... * ###+#<# *
......., #........#
*...###. , #.#+#....#
...# * ,*# ....# ,


You could see Gastronok.

Vanquished Creatures
  A hippogriff (D:7)
  A slave (D:7)
  A sky beast (D:9)
  2 centaurs
  A bullfrog (D:6)
  A scorpion (D:7)
  A centaur zombie (D:6)
  2 crimson imps (D:5)
  An orc priest (D:7)
  2 hounds
  A bullfrog skeleton (D:7)
  A centaur skeleton (D:7)
  2 orc wizards
  An iguana (D:9)
  2 worker ants (D:6)
  A killer bee zombie (D:7)
  3 gnolls (D:2)
  2 adders
  2 leopard geckos
  6 orcs
  3 bats
  2 giant cockroaches
  A goblin (D:3)
  3 kobolds
  2 quokkas
  2 frilled lizards
  2 rats
49 creatures vanquished.

Vanquished Creatures (others)
  An orc warrior (D:7)
  An ogre (D:7)
  A wight (D:7)
  An iguana (D:7)
  A quokka (D:7)
5 creatures vanquished.

Grand Total: 54 creatures vanquished

Notes
Turn   | Place    | Note
-------+----------+-------------------------------------------
     0 | D:1      | emperorscorpion the Deep Dwarf Berserker began the quest
                  | for the Orb.
     0 | D:1      | Reached XP level 1. HP: 20/20 MP: 1/1
   343 | D:2      | Reached XP level 2. HP: 12/27 MP: 2/2
   348 | D:2      | Reached XP level 3. HP: 33/33 MP: 3/3
   351 | D:2      | Reached XP level 4. HP: 42/42 MP: 4/4
   365 | D:3      | Reached skill level 4 in Axes
   486 | D:3      | Reached ** piety under Trog
   501 | D:5      | Entered Level 5 of the Dungeon
   522 | D:5      | Reached skill level 1 in Shields
   527 | D:5      | Reached XP level 5. HP: 49/49 MP: 5/5
   603 | D:7      | Noticed a centaur
   604 | D:7      | Killed an orc warrior
   618 | D:7      | Killed a centaur
   618 | D:7      | Reached XP level 6. HP: 56/56 MP: 6/6
   638 | D:7      | Noticed a hippogriff
   672 | D:6      | Reached skill level 5 in Axes
   752 | D:7      | Reached XP level 7. HP: 23/63 MP: 6/6
   769 | D:7      | Killed a hippogriff
   796 | D:7      | Reached skill level 6 in Axes
   812 | D:8      | Noticed Gastronok
   859 | D:9      | Reached *** piety under Trog
   859 | D:9      | Reached skill level 5 in Dodging
   859 | D:9      | Reached XP level 8. HP: 60/72 MP: 7/7
   864 | D:9      | Slain by Gastronok

Levels and vault maps discovered:
D:1:      dpeg_arrival_prison, layout_basic
D:2:      layout_basic, old_standard_altar, first_ration, hangedman_decor_push,
          serial_park_tiny_pond, uniq_robin
D:3:      layout_loops_ring, chequers_ecumenical_altar_twisty,
          chequers_serial_rivers_room_b, uniq_natasha, uniq_terence,
          uniq_grinder
D:4:      minmay_door_path, layout_basic, grunt_temple_overflow_open, minitemple
D:5:      layout_rooms
D:6:      layout_basic, serial_shops, nicolae_shop_behind_doors,
          serial_bayou_pond_b
D:7:      layout_rooms, xom_confusion_cloud, minmay_temple_entry_statues,
          uniq_pikel
D:8:      layout_rooms, lemuel_crystal_altar, fedhas_altar_1, grunt_pizzeria,
          chequers_serial_rivers_micro_a, david_defended_altar_orc,
          uniq_maurice, uniq_gastronok
D:9:      layout_basic, marbit_many_paths, dpeg_oklobed_lair, serial_shops,
          nicolae_shop_crystal, nicolae_shop_behind_doors, shop,
          nicolae_shop_scaring_up_business

Skill      XL: |  1  2  3  4  5  6  7 |
---------------+----------------------+-----
Fighting       | 3 4 |  4.1
Armour         | 3 4 |  4.9
Dodging        | 3 4 5 |  5.0
Axes           | 4 5 6 |  6.5
Shields        | 1 2 3 |  3.2
Throwing       | |  0.9

Action                   |  1- 3 |  4- 6 |  7- 9 || total
-------------------------+-------+-------+-------++-------
Melee: Hand axe          |    21 |    87 |       ||   108
       War axe           |       |     6 |    51 ||    57
Throw: Dart              |       |     7 |     1 ||     8
Invok: Berserk           |     1 |     3 |     2 ||     6
 Abil: Heal Wounds       |     1 |     1 |     3 ||     5
  Use: Scroll            |     3 |     2 |       ||     5
       Potion            |     1 |     3 |     1 ||     5
  Eat: Chunk             |       |     4 |     1 ||     5
Armor: Ring mail         |    24 |    68 |    18 ||   110
       Animal skin       |    10 |       |       ||    10
Dodge: Dodged            |    61 |    77 |    44 ||   182
Block: Buckler           |    12 |    37 |    24 ||    73

Table legend:
 A = Non-vault XP
 B = Vault XP
 C = Vault XP percentage of total XP
 D = Non-vault monster count
 E = Vault monster count
 F = Vault count percentage of total count
                 A         B        C        D         E       F
            +---------+---------+-------+---------+---------+-------
      Total |    1286 |     148 |  10.3 |      46 |       2 |   4.2
            +---------+---------+-------+---------+---------+-------
        D:1 |       3 |       0 |   0.0 |       2 |       0 |   0.0
        D:2 |      95 |       0 |   0.0 |      11 |       0 |   0.0
        D:3 |      24 |       0 |   0.0 |       7 |       0 |   0.0
        D:5 |     109 |       0 |   0.0 |       4 |       0 |   0.0
        D:6 |     247 |       0 |   0.0 |       8 |       0 |   0.0
        D:7 |     525 |     148 |  22.0 |      11 |       2 |  15.4
        D:9 |     283 |       0 |   0.0 |       3 |       0 |   0.0
            +---------+---------+-------+---------+---------+-------
